Map: Abyssal Reef LE

Players

LaFantome - Winner!

  • Race: Zerg Zerg
  • Spawn Location: 11:00

ViRuS

  • Race: Protoss Protoss
  • League: Diamond
  • Spawn Location: 5:00

VOD

Have the link to the VOD?

Description

Time

  • Played on: Jan. 6, 2018, 4:13 p.m.
  • Length: 15:35
Show
View Real Time Build Order
Export as new Build Order

LaFantome Zerg - Winner!

Build Orders: Hatch First 

Get SALT Encoding   

  12  0:01  Drone  
  13  0:12  Overlord  
  13  0:17  Drone  
  14  0:31  Drone x2  
  16  0:50  Hatchery  
  16  0:53  Drone  
  16  0:57  Drone  
  16  1:00  Drone  
  18  1:11  Extractor  
  18  1:17  Spawning Pool  
  16  1:20  Drone  
  16  1:23  Drone  
  18  1:28  Drone  
  19  1:39  Overlord  
  19  2:00  Drone  
  20  2:04  Zergling x2  
  20  2:06  Drone  
  22  2:16  Drone x2  
  22  2:17  Metabolic Boost  
  22  2:19  Queen x2  
  28  2:36  Drone x2  
  31  2:37  Drone, Overlord  
  31  2:58  Hatchery  
  30  3:04  Queen  
  30  3:05  Drone x5  
  37  3:10  Drone  
  38  3:18  Zergling x4  
  39  3:31  Drone x2  
  39  3:55  Spore Crawler  
  38  3:57  Spore Crawler  
  38  4:00  Drone x6  
  43  4:03  Extractor  
  43  4:04  Extractor  
  41  4:16  Spore Crawler  
  40  4:31  Lair, Extractor  
  39  4:32  Drone x9  
  48  4:45  Queen  
  48  4:52  Drone  
  49  4:54  Overlord x4  
  49  5:12  Drone x7, Queen  
  49  5:13  Drone  
  59  5:20  Drone  
  60  5:23  Baneling Nest  
  59  5:39  Drone x3  
  59  5:40  Drone x4  
  59  5:41  Drone x5, Overlord  
  59  5:42  Overlord x3  
  71  6:07  Zergling x14  
  71  6:08  Zergling x4  
  79  6:12  Hydralisk Den  
  79  6:13  Centrifical Hooks  
  79  6:16  Baneling x2  
  78  6:22  Zergling x2  
  78  6:23  Zergling x14  
  86  6:27  Baneling x4  
  86  6:35  Overlord x3  
  86  6:51  Muscular Augments, Drone  
  86  6:52  Evolution Chamber  
  86  6:53  Drone x7  
  86  6:54  Drone x3  
  96  6:56  Extractor  
  96  6:58  Extractor  
  94  7:04  Baneling x2  
  94  7:05  Baneling x5, Hatchery  
  94  7:06  Drone  
  94  7:07  Drone x7  
  101  7:34  Zerg Melee Weapons Level 1  
  88  7:56  Hydralisk x12  
  112  7:59  Overlord x3  
  112  8:00  Overlord x6  
  112  8:20  Hydralisk  
  112  8:21  Hydralisk x3  
  112  8:24  Hydralisk x3  
  126  8:36  Zergling x8  
  130  8:54  Hydralisk x10  
  130  8:55  Hydralisk x4  
  157  8:56  Infestation Pit  
  156  9:08  Extractor  
  155  9:11  Extractor  
  155  9:14  Drone x3  
  155  9:15  Drone x3  
  155  9:16  Zergling x12  
  166  9:27  Overseer x2  
  166  9:31  Zergling x2  
  166  9:32  Zergling x16  
  166  9:34  Zerg Melee Weapons Level 2  
  175  9:41  Baneling x9  
  175  9:55  Baneling  
  175  9:56  Baneling x14  
  107  10:25  Hydralisk  
  107  10:26  Hydralisk x17  
  125  10:28  Zergling x2  
  125  10:29  Zergling x18  
  123  10:38  Zergling x6  
  126  10:43  Hatchery  
  124  10:54  Baneling x7  
  124  10:55  Baneling x9  
  118  11:06  Baneling x6  
  118  11:07  Hydralisk x3  
  114  11:28  Drone x9  
  114  11:29  Drone x5  
  114  11:32  Hive  
  128  11:36  Spire  
  127  11:51  Extractor  
  127  11:52  Extractor  
  125  11:58  Hatchery  
  125  11:59  Extractor  
  125  12:00  Drone  
  125  12:01  Drone x7  
  131  12:09  Zerg Missile Weapons Level 1  
  131  12:24  Zergling x18  
  140  12:48  Corruptor x4, Greater Spire  
  140  12:49  Corruptor x5  
  158  12:52  Hydralisk  
  158  12:53  Hydralisk x7  
  174  13:07  Zergling x2  
  174  13:08  Zergling x18  
  174  13:10  Overlord x5  
  184  13:59  Brood Lord x8  
  200  14:24  Extractor  
  200  14:25  Extractor  
  200  14:26  Hatchery  
  197  14:48  Brood Lord  
  197  14:49  Baneling  
  197  14:50  Baneling x16  
Show
View Real Time Build Order
Export as new Build Order

ViRuS Protoss 

Build Orders: 1 Gate Expand, Oracle Opening, Zealot Archon 

Get SALT Encoding   

  12  0:01  Probe  
  13  0:13  Probe  
  14  0:19  Pylon  
  14  0:25  Probe  
  15  0:37  Probe  
  16  0:49  Probe (Chrono Boost)  
  17  0:50  Gateway  
  17  1:00  Assimilator  
  17  1:01  Probe (Chrono Boost)  
  18  1:07  Probe (Chrono Boost)  
  19  1:15  Probe  
  20  1:34  Nexus  
  20  1:41  Cybernetics Core  
  20  1:48  Assimilator  
  20  1:54  Probe  
  20  1:57  Pylon  
  21  2:06  Probe  
  22  2:16  Adept (Chrono Boost)  
  22  2:18  Probe  
  22  2:19  Warp Gate  
  25  2:30  Probe  
  25  2:35  Adept (Chrono Boost)  
  28  2:43  Probe  
  29  2:54  Stargate  
  29  2:55  Probe  
  29  2:57  Adept (Chrono Boost)  
  32  3:03  Probe  
  33  3:09  Probe  
  34  3:15  Probe  
  35  3:22  Probe  
  36  3:27  Probe  
  36  3:34  Probe  
  38  3:39  Probe  
  39  3:45  Oracle (Chrono Boost)  
  39  3:48  Probe (Chrono Boost)  
  39  3:49  Pylon  
  39  3:52  Probe (Chrono Boost)  
  39  3:53  Pylon  
  39  3:55  Assimilator  
  40  3:57  Assimilator  
  40  4:02  Gateway, Probe (Chrono Boost)  
  41  4:04  Probe (Chrono Boost)  
  41  4:05  Gateway  
  42  4:10  Probe  
  42  4:12  Oracle (Chrono Boost)  
  42  4:14  Probe  
  48  4:26  Probe x2 (Chrono Boost)  
  49  4:33  Robotics Facility  
  49  4:35  Twilight Council  
  49  4:36  Probe (Chrono Boost)  
  49  4:38  Probe (Chrono Boost)  
  51  4:46  Probe  
  51  4:51  Probe  
  53  4:56  Phoenix  
  53  4:58  Probe  
  56  5:03  Probe  
  57  5:10  Probe  
  58  5:16  Probe  
  56  5:23  Adept x2, Probe  
  56  5:28  Probe  
  62  5:31  Pylon  
  62  5:35  Pylon  
  62  5:48  Pylon  
  62  5:49  Probe x2  
  64  5:50  Sentry x3  
  64  5:55  Nexus  
  70  5:57  Pylon  
  70  5:59  Pylon  
  70  6:01  Probe x2  
  72  6:13  Probe x2  
  72  6:17  Templar Archives  
  74  6:22  Gateway  
  74  6:24  Gateway  
  74  6:25  Probe  
  74  6:27  Gateway  
  74  6:28  Gateway, Probe  
  74  6:32  Shield Battery  
  76  6:34  Shield Battery  
  76  6:38  Probe  
  77  6:40  Probe  
  77  6:41  Adept  
  77  6:42  Adept  
  77  6:43  Immortal (Chrono Boost)  
  86  6:50  Probe  
  86  6:52  Forge  
  87  6:54  Forge  
  87  6:56  Probe  
  87  6:57  Gateway  
  87  6:59  Gateway  
  87  7:01  Assimilator  
  88  7:02  Probe  
  88  7:05  Assimilator  
  88  7:08  Probe  
  90  7:20  Probe  
  91  7:22  High Templar  
  91  7:23  High Templar x2  
  91  7:29  Protoss Ground Weapons Level 1 (Chrono Boost)  
  97  7:30  Probe  
  97  7:31  Protoss Ground Armor Level 1 (Chrono Boost)  
  98  7:42  Archon  
  98  7:43  Zealot x4  
  98  7:48  Psionic Storm, Charge  
  98  7:49  Probe (Chrono Boost)  
  98  7:51  Probe (Chrono Boost)  
  93  7:54  Probe (Chrono Boost)  
  94  7:58  Probe (Chrono Boost)  
  94  8:01  Probe (Chrono Boost)  
  94  8:02  Probe (Chrono Boost)  
  96  8:07  Gateway  
  96  8:08  Gateway  
  96  8:09  Gateway  
  96  8:10  Probe x2  
  96  8:12  High Templar x6  
  110  8:13  Gateway  
  110  8:14  Zealot x2  
  110  8:16  Archon x2  
  114  8:28  Warp Prism (Chrono Boost)  
  116  8:34  Pylon  
  116  8:36  Pylon  
  116  8:37  Pylon  
  116  8:41  Pylon  
  116  8:56  Gateway  
  116  8:58  Pylon, Zealot x2  
  116  8:59  Pylon, High Templar x5  
  130  9:03  Archon  
  130  9:04  Archon  
  130  9:13  Protoss Ground Weapons Level 2 (Chrono Boost)  
  130  9:24  Zealot x2  
  130  9:25  Zealot x2  
  138  9:43  Observer  
  139  9:47  High Templar x3  
  139  9:48  Zealot  
  139  9:49  Zealot x9  
  139  9:51  Archon  
  165  10:05  Observer  
  146  10:13  Zealot  
  146  10:14  Zealot x9  
  98  10:26  Observer  
  91  10:31  High Templar x3  
  97  10:39  High Templar x2  
  97  10:40  Zealot  
  97  10:41  Zealot x7  
  117  10:50  Archon  
  113  11:09  High Templar  
  113  11:10  High Templar x2  
  113  11:11  Zealot x7  
  121  11:12  Zealot x3  
  121  11:14  Archon  
  62  11:37  High Templar  
  62  11:38  High Templar x2  
  62  11:39  Zealot  
  70  11:40  Zealot x2  
  70  11:44  Nexus  
  70  11:45  Protoss Ground Weapons Level 3 (Chrono Boost)  
  74  12:05  High Templar x2  
  74  12:07  Zealot x6  
  90  12:11  Archon  
  90  12:25  High Templar  
  90  12:26  High Templar  
  90  12:27  Assimilator, Zealot x3  
  100  12:30  Zealot  
  100  12:32  Assimilator  
  100  12:35  Probe  
  103  12:41  Robotics Bay  
  103  12:55  Probe  
  104  13:00  Nexus  
  104  13:16  High Templar x4  
  104  13:17  Zealot  
  104  13:18  Zealot x3  
  120  13:20  Archon  
  120  13:21  Archon  
  120  13:25  Colossus (Chrono Boost)  
  120  13:32  Probe (Chrono Boost)  
  127  13:37  Assimilator  
  127  13:39  Assimilator  
  127  13:41  Probe (Chrono Boost)  
  130  13:43  Pylon  
  130  13:46  Probe x2 (Chrono Boost)  
  130  13:54  Pylon  
  130  14:01  Pylon, Probe (Chrono Boost)  
  134  14:05  Probe x2 (Chrono Boost)  
  134  14:06  Probe (Chrono Boost)  
  134  14:11  Colossus (Chrono Boost)  
  134  14:14  High Templar, Probe (Chrono Boost)  
  134  14:15  High Templar x5  
  153  14:18  Probe x3  
  153  14:24  Probe x2  
  158  14:30  Probe x2  
  160  14:37  Archon  
  160  14:38  Archon x2  
  160  14:52  Probe x2  
  162  14:54  Probe x2  
  125  15:17  Stalker  
  125  15:18  Zealot x2, Stalker x3  
  125  15:19  Zealot x2  
  125  15:20  Stalker x2  
  123  15:21  Stalker  
Tags
 
Add a new tag
Caveats
  • Supply blocks, unpowered buildings, or Contaminate may cause inaccurate times.
  • Supply counts are checked every 10 seconds.